[Event "Chessheroes Superhero Challenge 2022"]
[Site "Randburg"]
[Date "2022.01.06"]
[Round "6.4"]
[White "Parodi, Alessandro"]
[Black "Mazibuko, Khanya"]
[Result "1-0"]
[ECO "A16"]
[WhiteElo "1997"]
[BlackElo "1940"]
[Annotator "ChessBase"]
[PlyCount "83"]
[EventDate "2022.01.05"]
[EventType "tourn"]
[EventCountry "RSA"]
[SourceTitle "playchess.com"]
[Source "ChessBase"]
[SourceQuality "1"]
[TimeControl "5400+30"]

1. Nf3 Nf6 2. c4 g6 3. Nc3 d5 4. cxd5 Nxd5 5. e4 Nxc3 6. dxc3 Qxd1+ 7. Kxd1 f6 8. Bc4 e5 9. Be3 Nd7 10. Nd2 Bc5 11. Re1 Ke7 12. Nf1 Bb6 13. Kc2 Nc5 14. b4 Ne6 15. a4 Nf4 16. a5 Nxg2 17. axb6 Nxe1+ 18. Rxe1 axb6 19. f4 Be6 20. Bd5 exf4 21. Bxf4 c6 22. Nd2 Ra6 23. Nc4 Bd7 24. Bd6+ Ke8 25. e5 cxd5 26. exf6+ Be6 27. Rxe6+ Kf7 28. Re7+ Kxf6 29. Ne3 Ra2+ 30. Kd3 Rd8 31. Nxd5+ Kg5 32. Re5+ Kg4 33. Ne3+ Kf3 34. Re6 Rxd6+ 35. Rxd6 Kf4 36. Rxb6 Rxh2 37. Rxb7 h5 38. Rf7+ Kg5 39. b5 Rb2 40. c4 Kh4 41. Kc3 Rb1 42. Rf1 1-0